Kradschützen Motorcycle Team
Construct Light Support Kompanie
Panzerjäger Mechanized Group
Construct Mechanized Kompanie
Selects Panzerjäger Kommand Battlegroup
Marder III Tank Destroyer
254 Reconnaissance Tractor
Selects Crew Shock Tactics
Marder III Tank Destroyer
Construct Panzerarmee Kommand
Marder III Tank Destroyer
Selects Elefant Tank Destroyer
Selects Butterfly Bomb Drop
18-tonne Recovery Half-track